 Dungeon Crawl Stone Soup version 0.18.1-48-g4cf74bf (webtiles) character file.

21 kosy22 the Caller (level 2, -3/15 HPs)
             Began as a Tengu Summoner on Aug 18, 2016.
             Killed from afar by a white imp (10 damage)
             ... with a puff of frost
             ... summoned by the player character
             ... on level 2 of the Dungeon.
             The game lasted 00:05:27 (932 turns).

kosy22 the Caller (Tengu Summoner)                   Turns: 932, Time: 00:05:28

Health: -3/15      AC:  2    Str:  8    XL:     2   Next: 83%
Magic:  2/6        EV: 12    Int: 15    God:
Gold:   74         SH:  0    Dex: 14    Spells: 2 memorised, 2 levels left

rFire  . . .     SeeInvis .     (no weapon)
rCold  . . .     Gourm    .     a - +0 robe
rNeg   . . .     Faith    .     (no shield)
rPois  .         Spirit   .     (helmet restricted)
rElec  .         Dismiss  .     (no cloak)
rCorr  .         Reflect  .     (no gloves)
SustAt .         Harm     .     (boots unavailable)
MR     .....                    (no amulet)
Stlth  ++........               (no ring)
                                (no ring)

@: very slightly contaminated, not resistant to hostile enchantments, unstealthy
A: beak, talons 3
a: no special abilities


You were on level 2 of the Dungeon.
You were not hungry.

You visited 1 branch of the dungeon, and saw 2 of its levels.

You collected 74 gold pieces.

Inventory:

Missiles
 h - a tomahawk (quivered)
Armour
 a - a +0 robe (worn)
Scrolls
 d - a scroll of immolation {unknown}
 f - a scroll of noise {unknown}
 g - 2 scrolls of identify
Potions
 c - a potion of cure mutation {unknown}
 e - a potion of resistance
Books
 b - a book of Callings

   Spells                             Type                      Level
   a - Summon Small Mammal            Summoning                    1
   b - Call Imp                       Summoning                    2
   c - Call Canine Familiar           Summoning                    3
   d - Summon Guardian Golem          Hexes/Summoning              3
   e - Summon Lightning Spire         Summoning/Air                4
   f - Summon Ice Beast               Ice/Summoning                4


   Skills:
 + Level 0.2 Throwing
 + Level 2.2 Dodging
 + Level 2.1 Stealth
 + Level 2.2 Spellcasting
 + Level 5.3 Summonings


You had 2 spell levels left.
You knew the following spells:

 Your Spells              Type           Power        Failure   Level  Hunger
a - Summon Small Mammal   Summ           ###.         2%          1    #......
b - Call Imp              Summ           ###.....     4%          2    ###....


Dungeon Overview and Level Annotations

Branches:
Dungeon (2/15)

Altars:


Innate Abilities, Weirdness & Mutations

You have a beak for a mouth.
You have claws for feet.


Message History

Throwing (i - inventory):
h - 2 tomahawks (quivered)
Press: ? - help, Shift-Dir - straight line, f/p - hobgoblin
Aim: a hobgoblin You throw a tomahawk.
The tomahawk closely misses the hobgoblin.
Casting: Call Imp
Confirm with . or Enter, or press ? or * to list all spells.
You miscast Call Imp.
You are very lightly contaminated with residual magic.
Your head hurts.
Found a scroll labeled NEICAC QUGO.
Casting: Call Imp
Confirm with . or Enter, or press ? or * to list all spells.
A beastly little devil appears in a puff of frigid air.
The hobgoblin hits you but does no damage.
The hobgoblin hits you.
Your white imp gestures at the hobgoblin.
The puff of frost misses the hobgoblin.
The puff of frost hits you!
Ouch! That really hurt!
You die...

......## .......#
.......# .......#
.......# .......#
......####### #####
............######......
.......####.....@.......
.......# #####g........
.......# .5.........
.......# #.....>......
.......# #............
......## #............
.....## ..?..........
##....###..#....((......
##........


You could see a hobgoblin and a friendly white imp.

Vanquished Creatures
  A giant cockroach (D:1)
  2 hobgoblins (D:1)
  A jackal (D:1)
  A kobold (D:2)
5 creatures vanquished.

Vanquished Creatures (collateral kills)
  A worm (D:2)
  A dart slug (D:1)
  2 bats (D:1)
  A giant cockroach (D:2)
  2 goblins (D:1)
  2 hobgoblins (D:1)
  2 jackals (D:1)
  2 kobolds (D:1)
  4 rats (D:1)
17 creatures vanquished.

Grand Total: 22 creatures vanquished

Notes
Turn   | Place    | Note
--------------------------------------------------------------
     0 | D:1      | kosy22 the Tengu Summoner began the quest for the Orb.
     0 | D:1      | Reached XP level 1. HP: 10/10 MP: 4/4
    98 | D:1      | Reached skill level 5 in Summonings
   383 | D:1      | Reached XP level 2. HP: 15/15 MP: 1/6
   387 | D:1      | Learned a level 2 spell: Call Imp
   932 | D:2      | Killed from afar by a white imp

Skill      XL: |  1 |
---------------+----+-----
Summonings     | 5 |  5.3
Throwing       | |  0.2
Dodging        | |  2.2
Stealth        | |  2.1
Spellcasting   | |  2.2

Action                   || total
-------------------------++-------
Melee: Unarmed           ||    18
       Peck              ||     1
       Kick              ||     1
Throw: Tomahawk          ||    12
 Cast: Summon Small Mamm ||    21
       Call Imp          ||    10
  Use: Scroll            ||     1
 Stab: Distracted        ||     1
  Eat: Bread ration      ||     1
Armor: Robe              ||     5
Dodge: Dodged            ||    19
